 Dungeon Crawl Stone Soup version 0.30.0-5-g1a98f26d00 (webtiles) character file.

Game seed: 4573862438530328929

51 SnakkuSnakku7 the Firebug (level 3, -1/18 HPs)
             Began as a Vine Stalker Fire Elementalist on May 13, 2023.
             Slain by a quokka (4 damage)
             ... on level 2 of the Dungeon.
             The game lasted 00:02:01 (898 turns).

SnakkuSnakku7 the Firebug (VSFE)                     Turns: 898, Time: 00:02:01

Health: -1/18      AC:  2    Str: 12    XL:     3   Next: 81%
Magic:  0/7        EV: 17    Int: 15    God:
Gold:   77         SH:  0    Dex: 14    Spells: 5/6 levels left

rFire   . .          .
                       - Unarmed
rCold   . . .        (no shield)
rNeg    . . .        a - +0 robe
rPois   .            (no helmet)
rElec   .            (no cloak)
rCorr   .            (no gloves)
SInv    .            (no boots)
Will    .....        (no amulet)
Stlth   ++           g - +5 ring of evasion
HPRegen 0.23/turn    (no ring)
MPRegen 0.10/turn

%: guardian spirit
@: no status effects
A: fangs 2, magic shield, antimagic bite, no potion heal 2
a: no special abilities


You were on level 2 of the Dungeon.
You visited 1 branch of the dungeon, and saw 2 of its levels.

You collected 77 gold pieces.

Inventory:

Armour
 a - a +0 robe (worn)
Jewellery
 g - a +5 ring of evasion (left hand)
Scrolls
 c - 3 scrolls of identify {unknown}
 d - 2 scrolls of enchant weapon {unknown}
 e - a scroll of teleportation {unknown}
 k - a scroll of enchant armour {unknown}
Potions
 b - a potion of magic
 f - a potion of mutation {unknown}
 h - a potion of curing {unknown}
 i - 2 potions of degeneration {unknown}
 j - 2 potions of heal wounds {unknown}


   Skills:
 + Level 2.0 Fighting
 - Level 1.5 Dodging
 - Level 2.4 Stealth
 + Level 2.2 Unarmed Combat
 - Level 2.1 Spellcasting
 - Level 1.0 Conjurations
 - Level 3.0 Fire Magic


You had 5 spell levels left.
You knew the following spells:

 Your Spells              Type           Power      Damage    Failure   Level
a - Foxfire               Conj/Fire      28%        2x1d5     10%         1

Your spell library contained the following spells:

 Spells                   Type           Power      Damage    Failure   Level
 Scorch                   Fire           20%        2d6       10%         2
 Freeze                   Ice            4%         1d3       22%         1
 Sublimation of Blood     Necr           1%         N/A       32%         2
 Wereblood                Tmut           1%         N/A       32%         2
 Inner Flame              Hex/Fire       6%         N/A       34%         3
 Volatile Blastmotes      Fire/Tloc      12%        2d11      34%         3
 Hailstorm                Conj/Ice       3%         3d3       47%         3
 Frozen Ramparts          Ice            2%         1d1       54%         3
 Flame Wave               Conj/Fire      7%         2d5       67%         4
 Sticky Flame             Conj/Fire      7%         2d3       67%         4
 Summon Hydra             Summ           0%         N/A       100%        7


Dungeon Overview and Level Annotations

Branches:
Dungeon (2/15)

Altars:

Shops:
D:1 ?


Innate Abilities, Weirdness & Mutations

You have extremely sharp teeth.
When hurt, damage is shared between your health and your magic reserves.
Your bite disrupts and absorbs the magic of your enemies.
Potions cannot restore your health.


Message History

You closely miss the hobgoblin. You bite the hobgoblin.
You kill the hobgoblin!
A gnoll comes into view. It is wielding a +0 spear.
You see here a hobgoblin corpse. 2 gnolls come into view.
The gnoll hits you with a +0 spear.
You closely miss the gnoll.
The gnoll shouts!
The gnoll misses you. The quokka closely misses you.
You closely miss the gnoll. The gnoll closely misses you.
The quokka misses you.
The gnoll shouts!
You hit the gnoll. You punch the gnoll. You bite the gnoll.
You drain its power.
You feel invigorated.
The gnoll is heavily wounded.
The gnoll barely misses you. The quokka bites you.
You hit the gnoll.
The gnoll is severely wounded.
The quokka misses you. The gnoll hits you with a +0 spear.
The quokka closely misses you.
You are too injured to fight recklessly!
Unknown command.
You are too injured to fight recklessly!
You are too injured to fight recklessly!
Unknown command.
You are too injured to fight recklessly!
You barely miss the gnoll.
The gnoll is severely wounded.
The gnoll hits you with a +0 spear!
* * * LOW HITPOINT WARNING * * *
The quokka completely misses you.
You hit the gnoll but do no damage. You bite the gnoll.
You kill the gnoll!
The quokka bites you.
* * * LOW HITPOINT WARNING * * *
Your Fighting skill increases to level 2!
Unknown command.
The quokka attacks as you move away! The quokka closely misses you.
The quokka bites you.
You die...

#.........#####.#.##
###...####..###.#.##
###.### ##.##.#.##
....# ###.#.##
.##.########.#.##
.##†.......##.#.##
#.
.##########.##.#.##
#.# †.....# ##.#g##
#.#. ......# ##@#.##
#.#.# ......#
##r#.###.#.# .#....#
##.#.#.#.# ..#...##
##g#)#.# .......#
##.#.## #.....##
##.## .#..†.# ##
..#...# ...#..#


You could see 2 gnolls and a quokka.

Vanquished Creatures
  An adder (D:2)
  A gnoll (D:2)
  A dart slug (D:1)
  3 endoplasms
  2 giant cockroaches (D:1)
  A goblin (D:1)
  3 hobgoblins
  5 jackals
  A quokka (D:1)
  2 ball pythons
  3 bats
  2 frilled lizards
  A kobold (D:1)
  A rat (D:1)
27 creatures vanquished.

Vanquished Creatures (others)
  18 foxfires
18 creatures vanquished.

Grand Total: 45 creatures vanquished

Notes
Turn   | Place    | Note
-------+----------+-------------------------------------------
     0 | D:1      | SnakkuSnakku7 the Vine Stalker Fire Elementalist began the
                  | quest for the Orb.
     0 | D:1      | Reached XP level 1. HP: 9/9 MP: 4/4
   231 | D:1      | Found a faded altar of an unknown god.
   247 | D:1      | Reached skill level 1 in Unarmed Combat
   247 | D:1      | Reached XP level 2. HP: 14/14 MP: 6/6
   293 | D:1      | Found Gomasien's Magic Scroll Shoppe.
   302 | D:1      | Reached skill level 1 in Fighting
   727 | D:2      | Reached XP level 3. HP: 18/18 MP: 4/7
   898 | D:2      | Slain by a quokka

Illustrated notes

Levels and vault maps discovered:
D:1:      dpeg_arrival_lava_temple_mockup, layout_loops_cross,
          dreamdust_ecumenical_altar_grove, serial_shops, shop,
          supply_closet_lemuel, kennysheep_another_room
D:2:      minmay_inner_zag, layout_rooms, serial_shops, nicolae_shop_scrapyard,
          hangedman_decor_opposing, uniq_natasha

Skill      XL: |  1  2  3 |
---------------+----------+-----
Unarmed Combat | 1 2 |  2.2
Fighting       | 1 2 |  2.0
Dodging        | |  1.5
Stealth        | |  2.4
Spellcasting   | |  2.1
Conjurations   | |  1.0
Fire Magic     | |  3.0

Action                     || total
---------------------------++-------
  Melee: Unarmed           ||   101
         Bite              ||    25
         Punch             ||     2
   Cast: Foxfire           ||    11
   Stab: Sleeping          ||     4
 Armour: Robe              ||    12
  Dodge: Dodged            ||   101
